 Dungeon Crawl Stone Soup version 0.30-a0-373-gd37427bb62 (webtiles) character file.

Game seed: 2968099395071586104

2842 pokeman the Thaumaturge (level 9, 0/48 HPs)
             Began as a Deep Elf Hedge Wizard on Nov 24, 2022.
             Was a Priest of Vehumet.
             Succumbed to a killer bee's poison
             ... on level 7 of the Dungeon.
             The game lasted 00:17:17 (7418 turns).

pokeman the Thaumaturge (Deep Elf Hedge Wizard)     Turns: 7418, Time: 00:17:18

Health: 0/48       AC:  7    Str: 11    XL:     9   Next: 46%
Magic:  9/26       EV: 12    Int: 24    God:    Vehumet [***...]
Gold:   243        SH:  0    Dex:  9    Spells: 13/31 levels left

rFire   . . .      SeeInvis +    G - +1 dagger (venom)
rCold   + . .      Faith    .    (no shield)
rNeg    . . .      Spirit   .    H - +1 robe {rC+}
rPois   .          Reflect  .    c - +0 hat
rElec   .          Harm     .    D - +0 cloak of the Moon {rCorr Str-2 Dex-5 SInv}
rCorr   +          Rampage  .    (no gloves)
Will    +....                    I - +2 pair of boots
Stlth   ++........               (no amulet)
HPRegen 0.28/turn                z - +6 ring of strength
MPRegen 0.20/turn                C - ring of willpower

@: lethally poisoned (0 -> -12)
A: no striking features
a: Renounce Religion


You were on level 7 of the Dungeon.
You worshipped Vehumet.
Vehumet was most pleased with you.
You visited 1 branch of the dungeon, and saw 7 of its levels.

You collected 408 gold pieces.
You spent 165 gold pieces at shops.

Inventory:

Hand Weapons
 A - a +1 dagger of electrocution
 G - a +1 dagger of venom (weapon)
Missiles
 r - a throwing net
Armour
 c - a +0 hat (worn)
 k - a +0 tower shield
 D - the +0 cloak of the Moon (worn) {rCorr Str-2 Dex-5 SInv}
   (You found it on level 5 of the Dungeon)

   Str:       It affects your strength (-2).
   Dex:       It affects your dexterity (-5).
   SInv:      It lets you see invisible.
   rCorr:     It protects you from acid and corrosion.
 H - a +1 robe of cold resistance (worn)
 I - a +2 pair of boots (worn)
Jewellery
 z - a +6 ring of strength (left hand)
 C - a ring of willpower (right hand)
Wands
 s - a wand of acid (31)
 B - a wand of charming (15)
Scrolls
 b - a scroll of enchant armour {unknown}
 e - 5 scrolls of identify {unknown}
 f - 2 scrolls of immolation {unknown}
 g - 2 scrolls of acquirement {unknown}
 i - 2 scrolls of noise {unknown}
 j - 3 scrolls of enchant weapon {unknown}
 o - a scroll of fog {unknown}
 q - 3 scrolls of fear {unknown}
 t - 4 scrolls of teleportation {unknown}
 x - a scroll of amnesia {unknown}
 y - 4 scrolls of magic mapping {unknown}
 E - 2 scrolls of vulnerability {unknown}
Potions
 a - a potion of haste {unknown}
 d - 2 potions of magic
 h - 3 potions of berserk rage {unknown}
 l - 3 potions of might {unknown}
 m - 3 potions of curing {unknown}
 n - a potion of ambrosia {unknown}
 p - 3 potions of heal wounds {unknown}
 u - a potion of invisibility {unknown}
 v - a potion of resistance {unknown}
 w - a potion of brilliance {unknown}
 F - a potion of lignification {unknown}


   Skills:
 - Level 2.0 Fighting
 + Level 2.2 Armour
 - Level 3.0 Dodging
 - Level 3.0 Stealth
 - Level 3.0 Shields
 * Level 11.6 Spellcasting
 + Level 6.4 Conjurations
 - Level 1.1 Summonings
 - Level 1.1 Translocations
 + Level 5.4 Fire Magic
 - Level 1.0 Air Magic
 - Level 1.0 Poison Magic
 - Level 1.0 Evocations


You had 13 spell levels left.
You knew the following spells:

 Your Spells              Type           Power      Damage    Failure   Level
a - Magic Dart            Conj           100%       1d8       1%          1
b - Mephitic Cloud        Conj/Pois/Air  27%        N/A       1%          3
c - Call Imp              Summ           19%        N/A       4%          2
d - Blink                 Tloc           38%        N/A       4%          2
e - Foxfire               Conj/Fire      100%       2x1d9     1%          1
f - Flame Wave            Conj/Fire      42%        2d11      1%          4
g - Fireball              Conj/Fire      21%        3d10      3%          5

Your spell library contained the following spells:

 Spells                   Type           Power      Damage    Failure   Level
 Stone Arrow              Conj/Erth      58%        3d10      1%          3
 Freeze                   Ice            52%        1d6       1%          1
 Momentum Strike          Conj/Tloc      64%        3d9       1%          2
 Scorch                   Fire           78%        2d9       1%          2
 Hailstorm                Conj/Ice       29%        3d8       1%          3
 Slow                     Hex            52%        N/A       4%          1
 Cigotuvi's Dreadful Rot  Necr/Pois/Air  34%        N/A       4%          2
 Frozen Ramparts          Ice            26%        1d4       4%          3
 Sublimation of Blood     Necr           13%        N/A       7%          2
 Lesser Beckoning         Tloc           38%        N/A       9%          3
 Irradiate                Conj/Tmut      14%        3d16      9%          5
 Starburst                Conj/Fire      21%        6d7       16%         6
 Petrify                  Tmut/Erth      13%        N/A       41%         4
 Summon Cactus Giant      Summ           9%         N/A       99%         6


Dungeon Overview and Level Annotations

Branches:
Dungeon (7/15)
 Temple: D:4-7

Altars:
Cheibriados
Gozag
Kikubaaqudgha
Sif Muna
Vehumet
The Shining One

Shops:
D:5 [:

Portals:
Bailey: D:7

Annotations:
D:7 Maggie


Message History

Aiming: Mephitic Cloud (safe; 1% risk of failure)
Press: ? - help, Shift-Dir - straight line, p - killer bee That beam is likely to hit you.
Continue anyway?
The ball explodes into a vile cloud!
The stinking cloud engulfs the killer bee but does no damage. x2
The stinking cloud engulfs you but does no damage.
The stinking cloud engulfs the sky beast but does no damage.
* * * LOW HITPOINT WARNING * * *
You feel sick.
The killer bee is engulfed in noxious fumes.
The killer bee appears confused.
The killer bee is engulfed in noxious fumes.
The killer bee appears confused.
The killer bee is engulfed in noxious fumes.
The killer bee appears confused.
The sky beast hits the killer bee.
The sky beast shocks the killer bee.
Unknown command.
* * * LOW HITPOINT WARNING * * *
You feel sick.
The killer bee is engulfed in noxious fumes. x2
The killer bee appears confused.
The killer bee is engulfed in noxious fumes.
The killer bee appears confused.
The killer bee is engulfed in noxious fumes.
The killer bee appears confused.
You feel sick.
The killer bee stings the sky beast.
The killer bee buzzes around in tight circles.
The sky beast is engulfed in noxious fumes.
The sky beast appears confused.
Unknown command.
You feel sick.
You feel sick. The killer bee barely misses you.
Found 20 gold pieces.
You feel sick. The killer bee barely misses you. The killer bee stings you.
* * * LOW HITPOINT WARNING * * *
You are lethally poisoned!
The killer bee poisons you!
The killer bee is engulfed in noxious fumes.
The killer bee appears confused.
You die...

..#.....$..@ ..... ............
#.... #..#.'#.....#
#....###...........### .
...........≈≈~≈≈.....# ..
...........≈...≈.....# ..
...........≈.∩>≈.....# ..
...........≈...≈.....# ..
.......@..~≈≈≈≈≈.....# ..
.$.......y.Yg@.......#
##############.###..y.#.#+#####
.#.#.#_#.#.##8.###....#.....
'#'#'#'#'#'###...#..........
.....).....['....'............
'#'#'#'#'#'###...#............
.#.#.#.#.#.##8...#............
##############...#............


You could see Maggie, a sky beast (confused), 2 killer bees and a goblin.

Vanquished Creatures
  An acid dragon (D:6)
  2 water moccasins (D:7)
  Duvessa (D:6)
  2 ice beasts
  3 sky beasts
  2 black bears
  An ogre (D:4)
  A hornet zombie (D:7)
  A centaur (D:7)
  2 phantoms
  2 bullfrogs
  A necrophage (D:5)
  2 gnoll sergeants
  2 wights (D:7)
  Dowan (D:6)
  A jelly (D:4)
  A howler monkey (D:5)
  5 hounds
  4 centaur zombies (D:7)
  4 iguanas
  Ijyb (D:3)
  3 orc wizards
  3 killer bee zombies (D:7)
  A howler monkey zombie (D:7)
  7 gnolls
  8 adders
  2 ufetubi
  3 worms
  9 dart slugs
  5 orcs
  7 ball pythons
  8 endoplasms
  4 giant cockroaches
  11 goblins
  9 hobgoblins
  4 quokkas
  8 bats
  3 frilled lizards
  6 kobolds
  6 rats
147 creatures vanquished.

Vanquished Creatures (collateral kills)
  A human zombie (D:7)
  A goblin (D:7)
2 creatures vanquished.

Vanquished Creatures (others)
  267 foxfires
267 creatures vanquished.

Grand Total: 416 creatures vanquished

Notes
Turn   | Place    | Note
-------+----------+-------------------------------------------
     0 | D:1      | pokeman the Deep Elf Hedge Wizard began the quest for the
                  | Orb.
     0 | D:1      | Reached XP level 1. HP: 10/10 MP: 7/7
   400 | D:1      | Reached XP level 2. HP: 15/15 MP: 5/9
  1177 | D:2      | Reached skill level 5 in Spellcasting
  1328 | D:2      | Reached XP level 3. HP: 20/20 MP: 3/11
  1332 | D:2      | Learned a level 3 spell: Mephitic Cloud
  1335 | D:2      | Learned a level 2 spell: Call Imp
  1338 | D:2      | Learned a level 2 spell: Blink
  1638 | D:2      | Found a radiant altar of Vehumet.
  1649 | D:2      | Became a worshipper of Vehumet
  1760 | D:2      | Reached skill level 1 in Fighting
  1760 | D:2      | Reached skill level 1 in Armour
  2290 | D:3      | Reached XP level 4. HP: 25/25 MP: 7/13
  2556 | D:3      | Learned a level 4 spell: Flame Wave
  2929 | D:3      | Reached skill level 6 in Spellcasting
  2961 | D:3      | Reached * piety under Vehumet
  2961 | D:3      | Offered knowledge of Foxfire by Vehumet.
  2964 | D:3      | Learned a level 1 spell: Foxfire
  2974 | D:3      | Noticed Ijyb
  2997 | D:3      | HP: 1/25 [poisoned by an adder]
  3145 | D:3      | Killed Ijyb
  3146 | D:3      | Reached skill level 1 in Shields
  3146 | D:3      | Reached XP level 5. HP: 24/29 MP: 6/15
  3621 | D:4      | Noticed a black bear
  3631 | D:4      | Killed a black bear
  3632 | D:4      | Reached skill level 1 in Fire Magic
  3632 | D:4      | Reached XP level 6. HP: 31/34 MP: 9/17
  3845 | D:4      | Reached skill level 7 in Spellcasting
  4016 | D:4      | Reached skill level 1 in Poison Magic
  4018 | D:4      | Reached skill level 1 in Air Magic
  4229 | D:4      | Reached skill level 1 in Evocations
  4490 | D:4      | Noticed a sky beast
  4498 | D:4      | Reached XP level 7. HP: 38/38 MP: 12/20
  4522 | D:4      | Reached skill level 8 in Spellcasting
  4683 | D:5      | Entered Level 5 of the Dungeon
  4683 | D:5      | Found Gunt's Book Shoppe.
  4832 | D:5      | Found Ravavuq's Antique Armour Boutique.
  4881 | D:5      | Identified the +0 cloak of the Moon {rCorr Str-2 Dex-5
                  | SInv}
  5058 | D:5      | Found a shimmering blue altar of Sif Muna.
  5305 | D:5      | Reached ** piety under Vehumet
  5305 | D:5      | Offered knowledge of Shock by Vehumet.
  5306 | D:5      | Reached XP level 8. HP: 38/44 MP: 9/22
  5414 | D:5      | Reached skill level 9 in Spellcasting
  5751 | D:6      | Noticed Dowan
  5753 | D:6      | Noticed Duvessa
  5764 | D:6      | Killed Dowan
  5957 | D:6      | Reached skill level 5 in Conjurations
  6138 | D:6      | Killed Duvessa
  6139 | D:6      | Reached skill level 10 in Spellcasting
  6477 | D:6      | Found an opulent altar of Gozag.
  6477 | D:6      | Found a snail-covered altar of Cheibriados.
  6538 | D:6      | Learned a level 5 spell: Fireball
  7049 | D:5      | Bought a pair of runed boots for 165 gold pieces
  7070 | D:7      | Found a glowing golden altar of the Shining One.
  7075 | D:7      | Reached XP level 9. HP: 31/48 MP: 14/25
  7186 | D:7      | Reached skill level 11 in Spellcasting
  7193 | D:7      | Offered knowledge of Stone Arrow by Vehumet.
  7196 | D:7      | Reached skill level 5 in Fire Magic
  7340 | D:7      | Reached *** piety under Vehumet
  7354 | D:7      | Found an ancient bone altar of Kikubaaqudgha.
  7389 | D:7      | Found a flagged portal.
  7404 | D:7      | Noticed Maggie
  7417 | D:7      | HP: 2/48 [killer bee (1)]
  7418 | D:7      | Succumbed to a killer bee's poison

Illustrated notes

Levels and vault maps discovered:
D:1:      giann_forest_graveyard, layout_basic,
          wander_ebering_terrifying_dragon_lair
D:2:      minmay_general_purpose_star, layout_rooms, basic_altar
D:3:      minmay_chambers_of_twos, layout_loops_cross, uniq_ijyb
D:4:      layout_basic, hex_medium, hangedman_minor_gate_pass
D:5:      layout_basic, tgw_sif, serial_shops, nicolae_shop_hallway_stairs,
          st_stairs_4, nicolae_take_the_stairs, kennysheep_minor_cross
D:6:      layout_basic, gammafunk_temple_overflow_statue, uniq_duvessa
D:7:      layout_gridville, lemuel_mausoleum_altar_kikubaaqudgha,
          old_standard_altar, nicolae_hepliaklqana_hippocampus,
          minmay_temple_entry_ruins, enter_bailey_5,
          nicolae_elevator_lobby_asterisk, uniq_menkaure, uniq_joseph,
          uniq_maggie

Skill      XL: |  1  2  3  4  5  6  7  8  9 |
---------------+----------------------------+-----
Spellcasting   | 5 6 7 8 10 11 | 11.6
Conjurations   | 2 3 4 5 6 |  6.4
Fighting       | 1 2 |  2.0
Armour         | 1 2 |  2.2
Dodging        | 3 |  3.0
Shields        | 1 2 3 |  3.0
Stealth        | 3 |  3.0
Fire Magic     | 1 3 4 5 |  5.4
Poison Magic   | 1 |  1.0
Air Magic      | 1 |  1.0
Evocations     | 1 |  1.0
Summonings     | |  1.1
Translocations | |  1.1

Action                   |  1- 3 |  4- 6 |  7- 9 || total
-------------------------+-------+-------+-------++-------
Melee: Morningstar       |     7 |    43 |       ||    50
       Dagger            |       |     7 |    57 ||    64
       Punch             |       |       |     1 ||     1
 Cast: Magic Dart        |   104 |    56 |     3 ||   163
       Mephitic Cloud    |       |     7 |    19 ||    26
       Call Imp          |       |     1 |     5 ||     6
       Foxfire           |       |    53 |   100 ||   153
       Blink             |       |       |     7 ||     7
       Flame Wave        |       |       |    12 ||    12
 Stab: Sleeping          |     1 |       |       ||     1
       Confused          |       |     3 |     3 ||     6
Armor: Robe              |     3 |     1 |    21 ||    25
       Leather armour    |       |    14 |     9 ||    23
Dodge: Dodged            |    11 |    55 |    73 ||   139

Table legend: (Time is in decaauts)
 A = Elapsed time spent in this place.
 B = Non-inter-level travel time spent in this place.
 C = Inter-level travel time spent in this place.
 D = Time resting spent in this place.
 E = Time spent auto-exploring this place.
 F = Levels seen in this place.
 G = Mean time per level.
                   A        B        C        D        E       F      G
               +--------+--------+--------+--------+--------+-----+--------+
         Total |   7443 |   7126 |    317 |    421 |   5504 |   7 | 1063.3 |
       Dungeon |   7443 |   7126 |    317 |    421 |   5504 |   7 | 1063.3 |
               +--------+--------+--------+--------+--------+-----+--------+

Top non-repeatable levels by time:
     D:3: 1446 daAuts
     D:6: 1348 daAuts
     D:2: 1244 daAuts
     D:5: 1154 daAuts
     D:4: 1149 daAuts
     D:1: 907 daAuts
     D:7: 192 daAuts
